 Dungeon Crawl Stone Soup version 0.31-a0-636-ge1c0e020e0 (webtiles) character file.

Game seed: 17817628892244209975

6184 avis the Severer (level 10, -5/83 (86) HPs)
             Began as a Hill Orc Monk on Aug 26, 2023.
             Was a Priest of Beogh.
             Slain by an orc knight
             ... wielding a +0 halberd
              (14 damage)
             ... in a bailey.
             The game lasted 01:12:54 (12078 turns).

avis the Severer (Hill Orc Monk)                   Turns: 12078, Time: 01:12:54

HP:   -5/83 (86)    AC: 11    Str: 19    XL:     10   Next: 91%
MP:   14/14         EV:  6    Int: 10    God:    Beogh [***...]
Gold: 748           SH:  6    Dex: 13    Spells: 9/9 levels left

rFire   . . .        a - +0 war axe
rCold   . . .        D - +2 buckler
rNeg    . . .        i - +0 plate armour
rPois   .            r - melded +2 helmet
rElec   .            (cloak currently unavailable)
rCorr   .            s - melded +1 pair of gloves
SInv    .            C - melded +0 pair of boots
Will    .....        Z - amulet of faith Stlth
                     J - +4 ring of slaying
HPRegen 0.33/turn    (no ring)
MPRegen 0.14/turn

%: faith
@: beast-form, lightly drained, invisible
A: beast (slay +3)
a: Begin Untransformation, Renounce Religion, Smiting


You were in a bailey.
You worshipped Beogh.
Beogh was most pleased with you.
You were a hulking beast.
You visited 2 branches of the dungeon, and saw 11 of its levels.
You also visited: Bailey.

You collected 748 gold pieces.

Inventory:

Hand Weapons
 a - a +0 war axe (weapon)
 b - a +0 whip of electrocution
 d - a +2 halberd of electrocution
 k - a +0 trident
 n - a +0 halberd of electrocution
 w - a +0 halberd of draining
 G - a +0 halberd of electrocution
 H - a +0 trident
 I - a +0 halberd of electrocution
 L - a +2 halberd of electrocution
 N - a +0 halberd of draining
Missiles
 t - 4 poisoned darts
 E - 2 boomerangs
 R - 6 javelins (quivered)
Armour
 i - a +0 plate armour (worn)
 r - a +2 helmet (melded)
 s - a +1 pair of gloves (melded)
 C - a +0 pair of boots (melded)
 D - a +2 buckler (worn)
Jewellery
 B - an amulet of reflection
 J - a +4 ring of slaying (left hand)
 Z - an amulet of faith (around neck)
Talismans
 m - a maw talisman
 v - a beast talisman (active)
 z - a beast talisman (active)
Wands
 g - a wand of charming (13)
 Q - a wand of iceblast (19)
 S - a wand of mindburst (12)
 X - a wand of quicksilver (13)
Scrolls
 e - 4 scrolls of teleportation
 o - 2 scrolls of blinking {unknown}
 p - 3 scrolls of immolation {unknown}
 q - a scroll of enchant weapon
 x - 2 scrolls of fear
 y - 3 scrolls of torment {unknown}
 F - 2 scrolls of poison {unknown}
 K - a scroll of revelation {unknown}
 W - a scroll of fog {unknown}
Potions
 c - 2 potions of ambrosia
 f - a potion of magic
 h - 2 potions of haste
 j - 3 potions of curing
 l - 4 potions of enlightenment
 u - 2 potions of attraction
 A - a potion of might
 M - a potion of mutation {unknown}
 U - 2 potions of heal wounds {unknown}


   Skills:
 * Level 7.2 Fighting
 - Level 16.0 Axes
 - Level 3.0 Armour
 - Level 3.0 Dodging
 - Level 3.0 Shields
 + Level 5.6 Invocations
 + Level 5.3 Shapeshifting


You had 9 spell levels left.
You didn't know any spells.
Your spell library contained the following spells:

 Spells                   Type           Power      Damage    Failure   Level
 Apportation              Tloc           0%         N/A       100%        1
 Slow                     Hex            0%         N/A       100%        1
 Blink                    Tloc           0%         N/A       100%        2
 Lesser Beckoning         Tloc           0%         N/A       100%        2
 Momentum Strike          Conj/Tloc      0%         3d8       100%        2
 Wereblood                Tmut           0%         N/A       100%        2
 Confusing Touch          Hex            0%         N/A       100%        3
 Vampiric Draining        Necr           0%         2d6       100%        3
 Leda's Liquefaction      Hex/Erth       0%         N/A       100%        4
 Alistair's Intoxication  Tmut/Pois      0%         N/A       100%        5
 Irradiate                Conj/Tmut      0%         3d11      100%        5
 Lee's Rapid Deconstruct  Erth           0%         3d4*      100%        5
 Leda's Unmaking          Conj/Erth      0%         9d1       100%        6


Dungeon Overview and Level Annotations

Branches:
Dungeon (10/15)            Temple (1/1) D:7             Orc (0/2) D:10
 Bailey (1/1)
   Lair: D:8-11

Altars:
Ashenzari
Cheibriados
Dithmenos
Elyvilon
Fedhas
Gozag
Hepliaklqana
Kikubaaqudgha
Makhleb
Nemelex Xobeh
Okawaru
Qazlal
Ru
Sif Muna
Trog
Uskayaw
Vehumet
Wu Jian
Xom
Yredelemnul
Zin
The Shining One

Annotations:
D:2 Deep water unexplored


Message History

There is an open door here.
You block the gnoll's attack.
There is an open door here.
You slash the gnoll!
The gnoll is severely wounded.
You block the orc knight's attack. The gnoll hits you but does no damage.
You slice the gnoll!!
You kill the gnoll!
Beogh accepts your kill.
The orc knight hits you from afar with a +0 halberd.
There is an open door here.
The orc knight attacks as it pursues you!
The orc knight hits you from afar with a +0 halberd!!
The orc knight hits you with a +0 halberd.
There is an open door here.
You closely miss the orc knight. You miss the orc knight.
The orc barely misses you.
The orc knight hits you with a +0 halberd!!
The orc knight hits you from afar with a +0 halberd.
The orc knight attacks as it pursues you!
The orc knight hits you from afar with a +0 halberd.
* * * LOW HITPOINT WARNING * * *
The orc knight attacks as it pursues you!
The orc knight hits you from afar with a +0 halberd!!
* * * LOW HITPOINT WARNING * * *
There is a fountain of blood, spattered with blood here.
You see here a gnoll corpse.
You fade into invisibility!
You block the orc knight's attack.
The orc no longer looks unusually strong.
There is an open door, spattered with blood here.
There is an open door, spattered with blood here.
You see here a gnoll skeleton.
There is an open door here.
You close the door.
An orc knight opens the door.
There is a fountain of clear blue water here.
You open the door.
The orc knight hits you from afar with a +0 halberd!
You die...
Beogh appreciates the orc knight's killing of a heretic priest.

## ### ##### ### ###
#.###.###.+.###[###∩#
#'##'##'###+##'##'##
##....h## ##.....##
###.....#####.....###
#.'..o..'.#.'..∩..'o#
###.o...#####...oo###
##.....## ##...oo##
##'##'##+###+##o##o##
#÷###[###†#.###.###o#
#'# ### ##### ### ###
#.###.# #.#g# .#


You could see an orc knight (unable to see you) and an orc (unable to see you).

Vanquished Creatures
  A two-headed ogre (D:9)
  Jeremiah (D:9)
  An unseen horror (D:6)
  A kobold demonologist (D:10)
  A hornet (D:10)
  Grinder (D:3)
  Sigmund (D:3)
  6 yaks (D:8)
  An acid dragon (D:8)
  A water moccasin (D:7)
  An orc warrior (D:7)
  3 black bears
  An ice beast (D:8)
  4 centaurs
  An ogre (D:5)
  2 kobold brigands
  2 bullfrogs
  A scorpion (D:6)
  4 killer bees (D:4)
  2 howler monkeys
  2 hounds
  2 orc priests
  A gnoll bouda (D:7)
  3 sleepcaps
  5 iguanas
  7 orc wizards
  Robin (D:1)
  22 gnolls
  10 adders
  A shadow imp (D:5)
  2 white imps
  An ufetubus (D:5)
  A worm (D:4)
  A dart slug (D:4)
  23 orcs
  9 ball pythons
  6 endoplasms
  5 giant cockroaches
  21 goblins
  9 hobgoblins
  2 jackals (D:1)
  2 quokkas
  5 bats
  3 frilled lizards (D:2)
  17 kobolds
  7 rats
204 creatures vanquished.

Vanquished Creatures (collateral kills)
  A boulder beetle (D:9)
  A wyvern (D:7)
  An acid dragon (D:8)
  A water moccasin (D:9)
  2 bullfrogs (D:8)
  An orc priest (D:8)
  A gnoll (D:7)
  A white imp (D:8)
  4 orcs
  A kobold (D:8)
14 creatures vanquished.

Vanquished Creatures (others)
  3 orc warriors
  4 orcs
  2 orc priests
  3 orc wizards
12 creatures vanquished.

Grand Total: 230 creatures vanquished

Notes
Turn   | Place    | Note
-------+----------+-------------------------------------------
     0 | D:1      | avis the Hill Orc Monk began the quest for the Orb.
     0 | D:1      | Reached XP level 1. HP: 19/19 MP: 1/1
    72 | D:1      | Reached XP level 2. HP: 12/26 MP: 2/2
   263 | D:1      | Reached skill level 5 in Axes
   607 | D:1      | Reached XP level 3. HP: 27/31 MP: 3/3
   923 | D:2      | Noticed Robin
   929 | D:1      | Reached skill level 6 in Axes
  1037 | D:1      | Killed Robin
  1060 | D:1      | Reached XP level 4. HP: 29/39 MP: 4/4
  1247 | D:2      | Found a bloodstained altar of Trog.
  1421 | D:2      | Reached skill level 7 in Axes
  1435 | D:2      | Reached XP level 5. HP: 11/46 MP: 5/5
  2550 | D:3      | Noticed Sigmund
  2563 | D:3      | Killed Sigmund
  2564 | D:3      | Reached skill level 8 in Axes
  2564 | D:3      | Reached XP level 6. HP: 46/52 MP: 6/6
  2643 | D:3      | Noticed Grinder
  2901 | D:3      | Paralysed by Grinder for 2 turns
  2907 | D:3      | Paralysed by Grinder for 2 turns
  2910 | D:3      | Killed Grinder
  2911 | D:3      | Reached skill level 10 in Axes
  2911 | D:3      | Reached skill level 1 in Shields
  2911 | D:3      | Reached XP level 7. HP: 35/59 MP: 7/7
  3966 | D:4      | Identified the +1 dagger "Syqo" {speed, rF++ Dex+3}
  4337 | D:4      | Found a bloodstained altar of Trog.
  4340 | D:4      | Reached skill level 1 in Armour
  4860 | D:4      | Found a hide-covered altar of Uskayaw.
  4892 | D:5      | Entered Level 5 of the Dungeon
  4959 | D:4      | Reached skill level 11 in Axes
  4979 | D:4      | Reached XP level 8. HP: 67/67 MP: 8/8
  5122 | D:5      | Became a worshipper of Beogh the Brigand
  5122 | D:5      | Reached * piety under Beogh
  5122 | D:5      | Reached ** piety under Beogh
  5259 | D:5      | Reached skill level 5 in Fighting
  5306 | D:5      | Reached skill level 12 in Axes
  6138 | D:5      | Found a sacrificial altar of Ru.
  6138 | D:5      | Found a shimmering blue altar of Sif Muna.
  6294 | D:6      | Reached skill level 13 in Axes
  7061 | D:6      | Found a hazy altar of Hepliaklqana.
  7067 | D:6      | Found a shimmering altar of Xom.
  7067 | D:6      | Noticed an angel
  7068 | D:6      | Noticed an unseen horror
  7070 | D:6      | Found a glowing silver altar of Zin.
  7085 | D:6      | Killed an unseen horror
  7086 | D:6      | Reached XP level 9. HP: 41/74 MP: 9/9
  7203 | D:6      | Reached skill level 14 in Axes
  7601 | D:7      | Reached *** piety under Beogh
  8110 | D:7      | Found a staircase to the Ecumenical Temple.
  8129 | Temple   | Entered the Ecumenical Temple
  8244 | D:7      | Found a blossoming altar of Fedhas.
  8274 | D:7      | Found the +5 robe of Misfortune {Harm *Corrode *Slow EV+5}
  8341 | D:7      | Reached skill level 15 in Axes
  8341 | D:7      | Reached skill level 1 in Shapeshifting
  9451 | D:9      | Noticed a boulder beetle
  9481 | D:9      | Killed a boulder beetle
  9482 | D:9      | Reached XP level 10. HP: 41/81 MP: 4/10
  9731 | D:9      | Found an ornate altar of the Wu Jian Council.
  9839 | D:9      | Noticed Jeremiah
  9878 | D:9      | HP: 3/81 [yak (10)]
 10165 | D:8      | Reached skill level 1 in Invocations
 10652 | D:9      | Killed Jeremiah
 11022 | D:9      | Noticed a two-headed ogre
 11027 | D:9      | Killed a two-headed ogre
 11028 | D:9      | Reached skill level 16 in Axes
 11028 | D:9      | Reached skill level 5 in Invocations
 11028 | D:9      | Reached skill level 5 in Shapeshifting
 11074 | D:10     | Entered Level 10 of the Dungeon
 11319 | D:10     | Found a white marble altar of Elyvilon.
 11330 | D:10     | Noticed a kobold demonologist
 11342 | D:10     | Killed a kobold demonologist
 11428 | D:10     | Found a staircase to the Orcish Mines.
 11501 | D:10     | Found a flagged portal.
 11539 | Bailey   | Entered a bailey
 12047 | Bailey   | Noticed an orc knight
 12063 | Bailey   | HP: 4/83 [orc knight/+0 halberd (18)]
 12078 | Bailey   | Slain by an orc knight

Illustrated notes

Levels and vault maps discovered:
D:1:      spicycebolla_arrival_ecumenical, layout_basic,
          chequers_serial_rivers_micro_e
D:2:      layout_basic, serial_rivers, chequers_serial_rivers_micro_c,
          chequers_serial_rivers_micro_d, chequers_serial_rivers_large_b,
          chequers_serial_rivers_small_3, basic_altar, solitary_fountain,
          kennysheep_generic_room_3, uniq_robin
D:3:      layout_basic, minmay_pentomino_pile, uniq_sigmund, uniq_grinder
D:4:      layout_basic, lightli_temple_of_fire, mainiacjoe_overflow_alcove_1,
          chequers_jeans
D:5:      layout_loops_corners, gammafunk_temple_overflow_pools
D:6:      layout_gridville, lemuel_tele_altar,
          grunt_temple_overflow_order_and_chaos_1
D:7:      layout_loops_ring, fedhas_altar_3,
          minmay_temple_entry_drinking_statues
D:8:      layout_rooms
D:9:      layout_long_grid, nicolae_wu_jian_wuxing_cycle, uniq_jeremiah
D:10:     layout_long_grid, elyvilon_altar_5, orc_0_dummy, enter_bailey_2,
          kennysheep_generic_room_2
Temple:   nicolae_temple_slightly_damp_pantheon
Bailey:   bailey_polearm_nasty_gnolls, bailey

Skill      XL: |  1  2  3  4  5  6  7  8  9 10 |
---------------+-------------------------------+-----
Axes           | 5 6 7 8 10 11 13 15 16 | 16.0
Fighting       | 4 5 7 |  7.2
Shields        | 1 3 |  3.0
Armour         | 1 3 |  3.0
Dodging        | 3 |  3.0
Shapeshifting  | 4 5 |  5.3
Invocations    | 5 |  5.6

Action                     |  1- 3 |  4- 6 |  7- 9 | 10-12 || total
---------------------------+-------+-------+-------+-------++-------
  Melee: Hand axe          |    92 |   116 |    13 |       ||   221
         Dagger            |       |     1 |       |       ||     1
         Whip              |       |       |   375 |       ||   375
         War axe           |       |       |    19 |    98 ||   117
  Throw: Dart              |       |     6 |     7 |       ||    13
         Boomerang         |       |    14 |       |       ||    14
         Javelin           |       |       |       |     3 ||     3
 Invoke: Convert to Beogh  |       |       |     1 |       ||     1
         Smiting           |       |       |     3 |     6 ||     9
    Use: Scroll            |       |     6 |     5 |     1 ||    12
         Potion            |       |       |     5 |     3 ||     8
   Stab: Distracted        |       |       |     1 |       ||     1
 Armour: Robe              |     2 |       |       |       ||     2
         Leather armour    |    22 |    15 |       |       ||    37
         Chain mail        |       |    22 |   163 |       ||   185
         Skin              |       |       |    21 |       ||    21
         Plate armour      |       |       |     7 |    41 ||    48
  Dodge: Dodged            |    65 |    55 |   117 |    28 ||   265
  Block: Buckler           |       |     1 |   111 |    33 ||   145
         Tower shield      |       |       |    12 |       ||    12
   Form: Beast             |       |       |     1 |       ||     1

Table legend: (Time is in decaauts)
 A = Elapsed time spent in this place.
 B = Non-inter-level travel time spent in this place.
 C = Inter-level travel time spent in this place.
 D = Time resting spent in this place.
 E = Time spent auto-exploring this place.
 F = Levels seen in this place.
 G = Mean time per level.
                   A        B        C        D        E       F      G
               +--------+--------+--------+--------+--------+-----+--------+
         Total |  12017 |  11116 |    901 |   2425 |   5202 |  12 | 1001.4 |
       Dungeon |  11458 |  10557 |    901 |   2214 |   5202 |  10 | 1145.8 |
        Temple |     25 |     25 |      0 |      0 |      0 |   1 |   25.0 |
        Bailey |    533 |    533 |      0 |    211 |      0 |   1 |  533.0 |
               +--------+--------+--------+--------+--------+-----+--------+

Top non-repeatable levels by time:
     D:7: 1428 daAuts
     D:3: 1334 daAuts
     D:4: 1325 daAuts
     D:2: 1295 daAuts
     D:6: 1221 daAuts
     D:8: 1212 daAuts
     D:1: 1196 daAuts
     D:5: 1153 daAuts
     D:9: 858 daAuts
  Bailey: 533 daAuts
    D:10: 434 daAuts
  Temple: 25 daAuts
